 Dungeon Crawl Stone Soup version 0.16-a0-296-gbdb9f68 (webtiles) character file.

242 Ololoev the Cudgeler (level 6, -3/52 HPs)
             Began as a Naga Gladiator on Aug 29, 2014.
             Killed by nerve-wracking pain
             ... invoked by an orc priest
              (7 damage)
             ... on Level 3 of the Dungeon.
             The game lasted 00:09:11 (3582 turns).

Ololoev the Cudgeler (Naga Gladiator)               Turns: 3582, Time: 00:09:11

HP  -3/52        AC  4     Str 17      XL: 6   Next:  9%
MP   6/6         EV 10     Int 11      God:
Gold 156         SH  0     Dex 11      Spells:  0 memorised,  5 levels left

rFire  . . .     SeeInvis +     n - +0 mace (crush)
rCold  . . .     Clarity  .     b - +0 leather armour
rNeg   + . .     rCorr    .     (no shield)
rPois  +         rRot     .     c - +0 helmet
rElec  .         Spirit   .     (no cloak)
SustAb .         Warding  +     (no gloves)
rMut   .         Stasis   .     (no barding)
Gourm  .                        i - amulet of warding
MR     +....                    (no ring)
                                y - ring of protection from magic

@: hasted, quick, somewhat resistant to hostile enchantments, very unstealthy
A: spit poison, see invisible, deformed body, poison resistance, slowness 2, AC
+2
a: Spit Poison


You were on level 3 of the Dungeon.
You were hungry.

You visited 1 branch of the dungeon, and saw 3 of its levels.

You collected 156 gold pieces.

Inventory:

Hand weapons
 n - a +0 mace of crushing (weapon)
Missiles
 d - 3 throwing nets (quivered)
Armour
 b - a +0 leather armour (worn)
 c - a +0 helmet (worn)
Comestibles
 f - 4 bread rations
 m - 2 beef jerkies
 o - 3 meat rations
 v - a slice of pizza
 x - 2 fruits
Scrolls
 g - 2 scrolls of remove curse {unknown}
 k - a scroll of enchant armour {unknown}
 l - 4 scrolls of identify {unknown}
 p - a scroll of random uselessness {unknown}
 r - a scroll of noise {unknown}
 w - a scroll of immolation {unknown}
Jewellery
 i - an amulet of warding (around neck)
 y - a ring of protection from magic (left hand)
Potions
 a - a potion of restore abilities {unknown}
 e - a potion of haste
 h - a potion of invisibility {unknown}
 j - a potion of heal wounds {unknown}
 q - 2 potions of resistance {unknown}
 s - a potion of lignification {unknown}
 t - a potion of curing {unknown}
 u - a potion of confusion {unknown}


   Skills:
 - Level 2.0 Fighting
 + Level 6.6 Maces & Flails
 - Level 1.7 Throwing
 - Level 2.4 Dodging


You had 5 spell levels left.
You didn't know any spells.

Dungeon Overview and Level Annotations

Branches:
Dungeon (3/15)

Altars:
Ashenzari
Fedhas


Innate Abilities, Weirdness & Mutations

You cannot wear boots.
You can spit poison.
Your serpentine skin is tough (AC +2).
You have supernaturally acute eyesight.
Armour fits poorly on your strangely shaped body.
Your system is resistant to poisons.
You cover ground very slowly.


Message History

The orc priest calls upon Beogh to heal the orc priest.
The orc priest is healed somewhat.
The orc priest misses you.
You hit the orc priest but do no damage.
The orc priest is heavily wounded.
You have got your breath back.
The orc priest hits you with a whip!
You barely miss the orc priest.
The orc priest is heavily wounded.
The orc priest mumbles some strange prayers to Beogh.
You feel troubled. The orc priest hits you with a whip.
The orc priest mumbles some strange prayers to Beogh against you.
Something smites you!
* * * LOW HITPOINT WARNING * * *
Drink which item? (? for menu, Esc to quit)
You feel yourself speed up.
It was a potion of haste.
The orc priest calls down the wrath of Beogh upon you.
You easily resist.
The orc priest invokes the aid of Beogh against you.
Pain shoots through your body!
You die...

#####.#####..#.########.....###.
#..%.............).......#......
#.###..........########.....###.
#.# ######....## ##...## #. ##.#
#....# ##.## #. ...# #....# #.#
#. #### ##.#.# #.# #. #.#.####
#.# #. ## #....@o# #.# #. .##
###.##o# #.# #. #.## #.# o# #.##
#. ##.######### #[# .# #..# #.
###......... ..# .# ##.# #.
##.######### ### .# #.# #. #.##
.# #.# #. .## .# #.# ## .# #.#
#.#


You could see 2 orc priests and an orc.

Vanquished Creatures
  An orc wizard (D:3)
  An orc priest (D:3)
  Jessica (D:3)
  4 gnolls (D:3)
  5 adders
  A giant mite (D:3)
  2 worms (D:2)
  A giant gecko (D:3)
  2 orcs (D:3)
  6 giant cockroaches
  5 goblins
  2 hobgoblins (D:2)
  7 jackals
  10 kobolds
  5 quokkas
  10 bats
  2 giant newts (D:2)
  8 rats
73 creatures vanquished.

Notes
Turn   | Place    | Note
--------------------------------------------------------------
     0 | D:1      | Ololoev, the Naga Gladiator, began the quest for the Orb.
     0 | D:1      | Reached XP level 1. HP: 19/19 MP: 1/1
   131 | D:1      | Found a shattered altar of Ashenzari.
   358 | D:1      | Reached XP level 2. HP: 10/26 MP: 2/2
   979 | D:2      | Reached skill level 4 in Maces & Flails
  1201 | D:2      | Reached XP level 3. HP: 32/32 MP: 3/3
  1887 | D:2      | Reached XP level 4. HP: 31/39 MP: 4/4
  2100 | D:2      | Reached skill level 5 in Maces & Flails
  2239 | D:3      | Noticed Jessica
  2293 | D:3      | Killed Jessica
  2497 | D:3      | Found a blossoming altar of Fedhas.
  2723 | D:3      | Reached XP level 5. HP: 40/45 MP: 5/5
  2835 | D:3      | Reached skill level 6 in Maces & Flails
  3380 | D:3      | Reached XP level 6. HP: 33/52 MP: 6/6
  3582 | D:3      | Killed from afar by an orc priest

Action                   |  1- 3 |  4- 6 || total
-------------------------+-------+-------++-------
Melee: Flail             |    94 |       ||    94
       Mace              |       |   136 ||   136
 Abil: Spit Poison       |    23 |    29 ||    52
  Use: Potion            |       |     1 ||     1
  Eat: Chunk             |     4 |     7 ||    11
